 Dungeon Crawl Stone Soup version 0.29.1-2-gbd0b4ee654 (webtiles) character file.

Game seed: 6428607212722136300

7774 GeoRichter the Skirmisher (level 11, -1/90 HPs)
             Began as a Demonspawn Hunter on Nov 5, 2022.
             Was an Initiate of Hepliaklqana.
             Slain by a polar bear simulacrum (19 damage)
             ... in an ice cave.
             The game lasted 00:17:12 (8881 turns).

GeoRichter the Skirmisher (Demonspawn Hunter)       Turns: 8881, Time: 00:17:12

Health: -1/90      AC: 10    Str: 12    XL:     11   Next: 1%
Magic:  11/11      EV: 16    Int: 10    God:    Hepliaklqana [......]
Gold:   451        SH:  0    Dex: 21    Spells: 10/10 levels left

rFire   . . .      SeeInvis .   L - +0 arbalest (freeze)
rCold   . . .      Faith    .   (shield currently unavailable)
rNeg    + . .      Spirit   .   w - +0 troll leather armour
rPois   .          Reflect  .   (helmet restricted)
rElec   .          Harm     .   F - +2 cloak {Will+}
rCorr   .          Rampage  .   m - +2 pair of gloves
Will    +....                   (no boots)
Stlth   ++........              E - amulet of the acrobat
HPRegen 1.05/turn               x - ring of positive energy
MPRegen 0.12/turn               (no ring)

@: slowed, very slow
A: horns 2, ignite blood 2, spiny 1
a: Renounce Religion


You were in an ice cave.
You worshipped Hepliaklqana.
Hepliaklqana was noncommittal.
You visited 2 branches of the dungeon, and saw 12 of its levels.
You also visited: Ice Cave.

You collected 451 gold pieces.

Inventory:

Hand Weapons
 a - a +0 vorpal shortbow
 G - a +4 dagger
   (You took it off a kobold on level 8 of the Dungeon)
 L - a +0 arbalest of freezing (weapon)
   (You found it on level 8 of the Dungeon)
Missiles
 v - 2 throwing nets {!f}
Armour
 m - a +2 pair of gloves (worn)
   (You found it on level 2 of the Dungeon)
 w - a +0 troll leather armour (worn)
   (You found it on level 8 of the Dungeon)
 F - a +2 cloak of willpower (worn)
   (You took it off Crazy Yiuf on level 6 of the Dungeon)
 M - a +0 pair of boots
   (You found it on level 9 of the Dungeon)
Jewellery
 k - a ring of fire
   (You found it on level 1 of the Dungeon)
 x - a ring of positive energy (left hand)
   (You found it on level 3 of the Dungeon)
 E - an amulet of the acrobat (around neck)
   (You found it on level 6 of the Dungeon)
Wands
 B - a wand of digging (4)
   (You took it off Ijyb on level 4 of the Dungeon)
 P - a wand of charming (2)
   (You found it on level 10 of the Dungeon)
Scrolls
 b - a scroll of immolation {!r}
 d - 2 scrolls of brand weapon
 e - 4 scrolls of enchant armour
 h - 6 scrolls of teleportation {@r4}
 i - a scroll of magic mapping {unknown}
 j - 5 scrolls of enchant weapon
 p - 2 scrolls of noise {unknown}
 r - 2 scrolls of vulnerability {unknown}
 t - 5 scrolls of fog
 u - a scroll of torment {unknown}
 y - 2 scrolls of poison {!r}
 J - a scroll of blinking {unknown}
 K - a scroll of summoning {unknown}
 O - a scroll of identify {@r1}
Potions
 c - a potion of mutation {unknown}
 f - 10 potions of curing {@q1}
 g - a potion of degeneration {unknown}
 l - 3 potions of might
 n - a potion of ambrosia {unknown}
 o - a potion of resistance {unknown}
 q - a potion of haste {unknown}
 s - 2 potions of attraction {unknown}
 z - a potion of cancellation
 A - 3 potions of brilliance
 C - 2 potions of heal wounds {unknown}
 D - a potion of invisibility {unknown}
 H - a potion of magic {unknown}
 I - 2 potions of flight {unknown}
Miscellaneous
 N - a phantom mirror
   (You found it on level 9 of the Dungeon)


   Skills:
 * Level 9.9 Fighting
 * Level 11.7 Ranged Weapons
 + Level 6.7 Dodging
 - Level 0.8 Stealth


You had 10 spell levels left.
You didn't know any spells.
Your spell library contained the following spells:

 Spells                   Type           Power      Damage    Failure   Level
 Apportation              Tloc           0%         N/A       43%         1
 Necrotise                Necr           0%         1d4       43%         1
 Sandblast                Erth           0%         2d4       43%         1
 Sting                    Tmut/Pois      0%         1d3       43%         1
 Summon Small Mammal      Summ           0%         N/A       43%         1
 Passwall                 Tmut/Erth      0%         N/A       58%         2
 Poisonous Vapours        Pois/Air       0%         N/A       58%         2
 Static Discharge         Conj/Air       0%         3-3/arc   58%         2
 Call Canine Familiar     Summ           0%         N/A       82%         3
 Stone Arrow              Conj/Erth      0%         3d7       82%         3
 Summon Guardian Golem    Hex/Summ       0%         N/A       82%         3
 Swiftness                Air            0%         N/A       82%         3
 Olgreb's Toxic Radiance  Pois           0%         N/A       99%         4
 Summon Lightning Spire   Summ/Air       0%         N/A       99%         4
 Storm Form               Tmut/Air       0%         N/A       100%        7
 Maxwell's Capacitive Co  Air            0%         ∞         100%        8
 Chain Lightning          Conj/Air       0%         N/A       100%        9
 Fire Storm               Conj/Fire      0%         5d1       100%        9
 Shatter                  Erth           0%         3d5*      100%        9


Dungeon Overview and Level Annotations

Branches:
Dungeon (11/15) Zot: 26971  Temple (1/1) D:5 Zot: 5814     Orc (0/2) D:10
  IceCv (1/1) Zot: 5990
   Lair: D:8-11

Altars:
Ashenzari
Cheibriados
Dithmenos
Fedhas
Gozag
Hepliaklqana
Kikubaaqudgha
Makhleb
Nemelex Xobeh
Okawaru
Qazlal
Ru
Sif Muna
Trog
Uskayaw
Vehumet
Wu Jian
Xom
Yredelemnul

Shops:
D:5 (   D:6 =


Innate Abilities, Weirdness & Mutations

You have a pair of horns on your head.
Your demonic aura often causes spilled blood to erupt in flames.
You are partially covered in sharp spines.


Message History

The wraith hits you! The wraith drains your vigour!
You feel as though you will be slow longer.
You shoot a bolt. The bolt hits the wraith!
The bolt freezes the wraith.
The wraith barely misses you.
You shoot a bolt. The bolt hits the wraith!!
The bolt freezes the wraith.
You destroy the wraith!
You have reached level 11!
Your demonic ancestry asserts itself...
Sharp spines emerge from parts of your body.
You start resting.
Found a wand of charming (3).
Found a frozen archway.
You see here a vampire mosquito corpse.
Okay, then.
There is a frozen archway here.
The world spins around you as you enter the gateway.
You enter an ice cave!
Found an ice covered gate leading back out of this place.
There is an ice choked empty arch of ancient stone here.
You shoot a bolt. The bolt hits the wolf simulacrum.
You shoot a bolt.
The bolt closely misses the wolf simulacrum.
The bolt hits the polar bear simulacrum!
The wolf simulacrum is struck by your spines.
The wolf simulacrum barely misses you.
The wolf simulacrum is struck by your spines.
The wolf simulacrum completely misses you.
You shoot a bolt. The bolt hits the wolf simulacrum!!
The polar bear simulacrum closely misses you.
The polar bear simulacrum misses you. x2
You shoot a bolt.
The bolt barely misses the polar bear simulacrum.
The polar bear simulacrum barely misses you.
The polar bear simulacrum closely misses you.
The polar bear simulacrum claws you. The polar bear simulacrum freezes you!
The polar bear simulacrum bites you. The polar bear simulacrum freezes you!
The polar bear simulacrum completely misses you.
The polar bear simulacrum claws you. The polar bear simulacrum freezes you!
The polar bear simulacrum is struck by your spines.
The polar bear simulacrum bites you but does no damage.
The polar bear simulacrum misses you.
The polar bear simulacrum barely misses you.
The polar bear simulacrum bites you!
* * * LOW HITPOINT WARNING * * *
The polar bear simulacrum freezes you!
* * * LOW HITPOINT WARNING * * *
The polar bear simulacrum barely misses you. x2
The polar bear simulacrum bites you!
* * * LOW HITPOINT WARNING * * *
The polar bear simulacrum freezes you!!
You die...

#### ##
##..##
##..##....##
#.....Z....#
......Z@.∩.#
..##..Z.§..#
###....##
##..## ####


You could see 3 polar bear simulacra.

Vanquished Creatures
  4 trolls
  A hornet (D:8)
  13 yaks
  A wraith (D:11)
  Grum (D:8)
  3 vampire mosquitoes (D:11)
  3 acid dragons
  3 water moccasins
  3 orc warriors (D:9)
  3 black bears
  2 ice beasts
  2 ogres (D:6)
  4 wolves (D:8)
  3 centaurs
  3 necrophages
  A kobold brigand (D:8)
  3 bullfrogs
  A gnoll sergeant (D:9)
  3 scorpions
  8 wights
  5 killer bees (D:9)
  2 howler monkeys
  4 hounds
  3 orc priests
  2 jellies
  Crazy Yiuf (D:6)
  2 iguanas
  Ijyb (D:4)
  3 orc wizards
  A wolf simulacrum (IceCv)
  5 gnolls
  5 adders
  A shadow imp (D:6)
  3 ufetubi
  7 dart slugs
  28 orcs
  4 bats
  4 endoplasms
  6 giant cockroaches
  8 goblins
  4 hobgoblins
  10 jackals
  7 quokkas
  4 ball pythons
  3 frilled lizards
  11 kobolds
  3 rats
202 creatures vanquished.

Notes
Turn   | Place    | Note
-------+----------+-------------------------------------------
     0 | D:1      | GeoRichter the Demonspawn Hunter began the quest for the
                  | Orb.
     0 | D:1      | Reached XP level 1. HP: 16/16 MP: 1/1
   137 | D:1      | Reached skill level 4 in Ranged Weapons
   140 | D:1      | Gained mutation: Your demonic aura sometimes causes spilled
                  | blood to erupt in flames. [demonic ancestry]
   140 | D:1      | Reached XP level 2. HP: 22/22 MP: 2/2
   330 | D:1      | Found a faded altar of an unknown god.
   619 | D:2      | Reached XP level 3. HP: 27/27 MP: 3/3
   940 | D:2      | Reached skill level 5 in Ranged Weapons
  1012 | D:2      | Reached XP level 4. HP: 33/33 MP: 4/4
  1987 | D:3      | Found a sacrificial altar of Ru.
  2136 | D:3      | Found a stormy altar of Qazlal.
  2354 | D:4      | Gained mutation: You have a pair of small horns on your
                  | head. [demonic ancestry]
  2354 | D:4      | Reached XP level 5. HP: 38/38 MP: 5/5
  2504 | D:4      | Reached skill level 6 in Ranged Weapons
  2813 | D:4      | Noticed Ijyb
  2818 | D:4      | Killed Ijyb
  3095 | D:4      | Reached XP level 6. HP: 44/44 MP: 6/6
  3147 | D:5      | Entered Level 5 of the Dungeon
  3251 | D:5      | Found Fixiyfilie's Weapon Shoppe.
  3283 | D:5      | Reached skill level 7 in Ranged Weapons
  3527 | D:5      | Found a staircase to the Ecumenical Temple.
  3544 | Temple   | Entered the Ecumenical Temple
  3826 | D:5      | Got the Grimoire of the Feathery Boulder
  4060 | D:5      | Reached XP level 7. HP: 30/51 MP: 7/7
  4559 | D:6      | Reached skill level 8 in Ranged Weapons
  4591 | D:6      | Found a runed translucent door.
  4592 | D:6      | Noticed Crazy Yiuf
  4723 | D:6      | Gained mutation: You have a pair of horns on your head.
                  | [demonic ancestry]
  4723 | D:6      | Reached XP level 8. HP: 57/60 MP: 8/8
  5077 | D:6      | Found Cecath's Jewellery Shoppe.
  5318 | D:6      | Killed Crazy Yiuf
  5520 | D:7      | Reached skill level 5 in Fighting
  5529 | D:7      | Reached skill level 9 in Ranged Weapons
  5533 | D:7      | Gained mutation: Your demonic aura often causes spilled
                  | blood to erupt in flames. [demonic ancestry]
  5533 | D:7      | Reached XP level 9. HP: 59/69 MP: 9/9
  5727 | D:7      | Found an iron altar of Okawaru.
  6807 | D:8      | Found a burning altar of Makhleb.
  6834 | D:8      | Noticed a troll
  6855 | D:8      | Reached skill level 5 in Dodging
  6859 | D:8      | Killed a troll
  6860 | D:8      | Reached skill level 10 in Ranged Weapons
  6957 | D:8      | Noticed Grum
  6969 | D:8      | Killed Grum
  7054 | D:8      | Found a flagged portal.
  7064 | D:8      | Paralysed by a hornet for 2 turns
  7119 | D:8      | Reached XP level 10. HP: 50/80 MP: 10/10
  7734 | D:9      | Reached skill level 11 in Ranged Weapons
  8147 | D:10     | Entered Level 10 of the Dungeon
  8355 | D:10     | Found a staircase to the Orcish Mines.
  8714 | D:10     | Found a sparkling altar of Nemelex Xobeh.
  8718 | D:10     | Found an opulent altar of Gozag.
  8722 | D:10     | Found a shimmering altar of Xom.
  8722 | D:10     | Found a hazy altar of Hepliaklqana.
  8725 | D:10     | Found an ornate altar of the Wu Jian Council.
  8728 | D:10     | Found a hide-covered altar of Uskayaw.
  8731 | D:10     | Became a worshipper of Hepliaklqana the Forgotten
  8872 | D:11     | Gained mutation: You are partially covered in sharp spines.
                  | [demonic ancestry]
  8872 | D:11     | Reached XP level 11. HP: 79/90 MP: 11/11
  8872 | D:11     | Found a frozen archway.
  8877 | IceCv    | Entered an ice cave
  8881 | IceCv    | Slain by a polar bear simulacrum

Illustrated notes

Levels and vault maps discovered:
D:1:      psy_arrival_dodecagon, layout_rooms, chequers_ecumenical_altar_twisty
D:2:      layout_loops_ring, minmay_randomly_rotated_circles
D:3:      layout_basic, mainiacjoe_overflow_concentric_impassable,
          nicolae_ru_awakened_eye
D:4:      layout_basic, eino_small_chamber_without_monster, st_stairs_5,
          uniq_ijyb
D:5:      layout_cave_pools, minmay_temple_entry_large_hall, serial_shops,
          nicolae_shop_bloodbath_and_beyond, st_stairs_7,
          kennysheep_small_circle
D:6:      layout_loops_corners, mainiacjoe_overflow_catwalk, serial_shops,
          nicolae_lakefront_shop, uniq_crazy_yiuf_cottage
D:7:      layout_gridville, okawaru_ov_weapons_minmay
D:8:      cheibrodos_helix_gallery, layout_cave_pools, bloody_makhleb,
          enter_bailey_5, uniq_grum
D:9:      layout_basic
D:10:     layout_gridville, minitemple, orc_0_dummy, nicolae_hexahallways,
          nicolae_figureground_pulse
D:11:     layout_long_grid, david_lair_shrubbed, portal_ice_cave_entry_pillars_2
Temple:   bh_familiar_temple
IceCv:    ice_cave_small_necro

Skill      XL: |  1  2  3  4  5  6  7  8  9 10 |
---------------+-------------------------------+-----
Ranged Weapons | 4 5 6 7 8 9 10 11 | 11.7
Dodging        | 2 3 4 5 6 |  6.7
Fighting       | 3 6 8 9 |  9.9
Stealth        | |  0.8

Action                   |  1- 3 |  4- 6 |  7- 9 | 10-12 || total
-------------------------+-------+-------+-------+-------++-------
Melee: Dagger            |       |     3 |       |       ||     3
       Headbutt          |       |     2 |       |       ||     2
 Fire: Shortbow          |    96 |   127 |   261 |     6 ||   490
       Arbalest          |       |       |       |   124 ||   124
  Use: Scroll            |     4 |     4 |     3 |     3 ||    14
       Potion            |       |     1 |       |       ||     1
Armor: Leather armour    |    11 |    21 |    25 |       ||    57
       Troll leather arm |       |       |    16 |    26 ||    42
Dodge: Dodged            |    22 |    61 |   126 |    84 ||   293
